 Dungeon Crawl Stone Soup version 0.21-a0-283-g622b906 (webtiles) character file.

1901 nikopol the Thaumaturge (level 8, -4/42 HPs)
             Began as a Deep Elf Fire Elementalist on Sept 23, 2017.
             Was a Believer of Vehumet.
             Slain by a sky beast (5 damage)
             ... on level 9 of the Dungeon on Sept 24, 2017.
             The game lasted 00:34:30 (8341 turns).

nikopol the Thaumaturge (DEFE)                      Turns: 8341, Time: 00:34:31

Health: -4/42      AC:  5    Str: 12    XL:     8   Next: 94%
Magic:  17/22      EV: 14    Int: 23    God:    Vehumet [**....]
Gold:   426        SH:  0    Dex: 15    Spells: 12/24 levels left

rFire    . . .     SeeInvis .   l - +3 dagger (speed)
rCold    . . .     Gourm    .   (no shield)
rNeg     . . .     Faith    .   a - +0 robe
rPois    .         Spirit   .   (no helmet)
rElec    .         Reflect  .   (no cloak)
rCorr    .         Harm     .   t - +1 pair of gloves
MR       .....                  z - +0 pair of boots
Stlth    +++.......             (no amulet)
HPRegen  0.14/turn              i - +3 ring of strength
MPRegen  0.18/turn              r - +4 ring of strength

@: no status effects
A: no striking features
a: Renounce Religion


You were on level 9 of the Dungeon.
You worshipped Vehumet.
Vehumet was pleased with you.
You were not hungry.

You visited 2 branches of the dungeon, and saw 10 of its levels.
You also visited: Sewer.

You collected 426 gold pieces.

Inventory:

Hand Weapons
 h - a +1 dagger of venom
 l - a +3 dagger of speed (weapon)
Armour
 a - a +0 robe (worn)
 t - a +1 pair of gloves (worn)
 z - a +0 pair of boots (worn)
Jewellery
 i - a +3 ring of strength (left hand)
 r - a +4 ring of strength (right hand)
Wands
 u - a wand of polymorph (15/24)
 E - a wand of digging (4/24)
Scrolls
 j - a scroll of immolation
 k - 4 scrolls of remove curse
 m - 4 scrolls of identify
 y - a scroll of silence {unknown}
 A - a scroll of teleportation {unknown}
Potions
 d - 6 potions of heal wounds
 e - a potion of berserk rage
 f - 2 potions of agility {unknown}
 o - a potion of haste {unknown}
 q - a potion of cancellation {unknown}
 s - 3 potions of curing
 v - a potion of mutation {unknown}
 w - 4 potions of brilliance {unknown}
 x - 2 potions of might {unknown}
 C - a potion of flight {unknown}
Books
 b - a book of Flames

   Spells                             Type                      Level
   a - Flame Tongue                   Conjuration/Fire             1
   b - Throw Flame                    Conjuration/Fire             2
   c - Conjure Flame                  Conjuration/Fire             3
   d - Inner Flame                    Hexes/Fire                   3
   e - Sticky Flame                   Conjuration/Fire             4
   f - Fireball                       Conjuration/Fire             5
 g - a book of Air

   Spells                             Type                      Level
   a - Shock                          Conjuration/Air              1
   b - Swiftness                      Charms/Air                   2
   c - Static Discharge               Conjuration/Air              3
   d - Airstrike                      Air                          4
   e - Lightning Bolt                 Conjuration/Air              5
Comestibles
 c - 8 bread rations
 n - 4 meat rations
 p - 3 royal jellies
 D - 3 fruits


   Skills:
 + Level 0.7 Fighting
 + Level 3.9 Dodging
 + Level 4.3 Stealth
 + Level 8.8 Spellcasting
 + Level 6.5 Conjurations
 + Level 7.7 Fire Magic
 + Level 0.6 Air Magic


You had 12 spell levels left.
You knew the following spells:

 Your Spells              Type           Power        Failure   Level  Hunger
a - Flame Tongue          Conj/Fire      #####        1%          1    None
b - Throw Flame           Conj/Fire      #####.       1%          2    None
c - Conjure Flame         Conj/Fire      #####...     1%          3    None
d - Fireball              Conj/Fire      #####.....   9%          5    ####...
e - Shock                 Conj/Air       ####         1%          1    None


Dungeon Overview and Level Annotations

Branches:
Dungeon (10/15)            Temple (1/1) D:4
   Lair: D:8-11         Orc: D:9-12

Altars:
Cheibriados
Gozag
Kikubaaqudgha
Makhleb
Nemelex Xobeh
Qazlal
Trog
Vehumet
Wu Jian
Xom
The Shining One


Message History

There is a stone staircase leading down here.
You start resting.
Something hits you.
* * * LOW HITPOINT WARNING * * *
Something shocks you.
* * * LOW HITPOINT WARNING * * *
A sky beast appears from thin air!
Reactivating autopickup.
The sky beast hits you but does no damage.
Casting: Flame Tongue
Confirm with . or Enter, or press ? or * to list all spells.
Aiming: Fireball
Press: ? - help, Shift-Dir - straight line The fireball explodes!
The fireball engulfs the sky beast.
The sky beast is heavily wounded.
The sky beast flickers out of sight!
Deactivating autopickup; reactivate with Ctrl-A.
Something hits you.
* * * LOW HITPOINT WARNING * * *
Something shocks you.
You die...

###########
+.........#
#...>@....#
#...{.....#
###########


There were no monsters in sight!

Vanquished Creatures
  Grinder (D:5)
  Edmund (D:5)
  An orc warrior (D:6)
  An ice beast (D:5)
  A black bear (D:7)
  2 phantoms (D:6)
  A centaur (D:10)
  A bullfrog (D:6)
  A scorpion (D:4)
  2 howler monkeys
  A crimson imp (D:7)
  An orc priest (D:6)
  4 orc wizards
  A jelly (D:10)
  2 hounds (D:4)
  2 bullfrog skeletons
  2 centaur skeletons
  2 iguanas
  4 worker ants
  A hound zombie (D:6)
  A hound skeleton (D:4)
  8 adders
  10 gnolls
  A river rat (D:6)
  2 oozes
  A worm (D:6)
  2 dart slugs (D:2)
  4 leopard geckos
  17 orcs
  6 ball pythons
  12 giant cockroaches
  8 goblins
  2 hobgoblins
  7 jackals
  17 kobolds
  3 quokkas
  4 bats
  7 frilled lizards
  A giant cockroach zombie (D:5)
  A jackal skeleton (D:4)
  25 rats
171 creatures vanquished.

Notes
Turn   | Place    | Note
-------+----------+-------------------------------------------
     0 | D:1      | nikopol the Deep Elf Fire Elementalist began the quest for the Orb.
     0 | D:1      | Reached XP level 1. HP: 10/10 MP: 6/6
   284 | D:1      | Reached XP level 2. HP: 15/15 MP: 1/8
   863 | D:2      | Found a sparkling altar of Nemelex Xobeh.
   938 | D:2      | Reached XP level 3. HP: 19/19 MP: 1/9
  1192 | D:2      | Found a burning altar of Makhleb.
  1785 | D:2      | Reached XP level 4. HP: 24/24 MP: 6/11
  1789 | D:2      | Learned a level 2 spell: Throw Flame
  1793 | D:2      | Learned a level 3 spell: Conjure Flame
  1812 | D:2      | Found an opulent altar of Gozag.
  2255 | D:2      | Reached skill level 4 in Spellcasting
  2825 | D:3      | Found a shimmering altar of Xom.
  3088 | D:4      | Found a staircase to the Ecumenical Temple.
  3092 | D:4      | Reached XP level 5. HP: 27/28 MP: 8/13
  3098 | Temple   | Entered the Ecumenical Temple
  3173 | Temple   | Became a worshipper of Vehumet
  3664 | D:4      | Reached skill level 5 in Fire Magic
  3787 | D:4      | Reached XP level 6. HP: 28/33 MP: 10/15
  3891 | D:4      | Reached skill level 5 in Spellcasting
  4436 | D:5      | Entered Level 5 of the Dungeon
  4465 | D:5      | Noticed Edmund
  4471 | D:5      | Reached * piety under Vehumet
  4471 | D:5      | Offered knowledge of Sting by Vehumet.
  4832 | D:5      | Noticed Grinder
  4854 | D:5      | Killed Grinder
  4854 | D:5      | Reached skill level 6 in Spellcasting
  4854 | D:5      | Reached XP level 7. HP: 37/37 MP: 1/18
  5432 | D:5      | Killed Edmund
  5674 | D:5      | Reached skill level 7 in Spellcasting
  5991 | D:5      | Found a stormy altar of Qazlal.
  6269 | D:6      | Reached skill level 5 in Conjurations
  6269 | D:6      | Reached XP level 8. HP: 42/42 MP: 15/20
  6294 | D:6      | Learned a level 5 spell: Fireball
  6296 | D:6      | Learned a level 1 spell: Shock
  6694 | D:6      | Found a glowing drain.
  6701 | Sewer    | Entered a sewer
  6890 | Sewer    | Upgraded the game from 0.21-a0-279-g6037ffb to 0.21-a0-283-g622b906
  7154 | Sewer    | Reached ** piety under Vehumet
  7154 | Sewer    | Offered knowledge of Magic Dart by Vehumet.
  7586 | D:6      | Reached skill level 8 in Spellcasting
  8084 | D:7      | Found a bloodstained altar of Trog.
  8130 | D:7      | You fall through a shaft for 3 floors!
  8130 | D:10     | Entered Level 10 of the Dungeon
  8243 | D:10     | Noticed a hippogriff
  8332 | D:10     | Noticed a hippogriff
  8339 | D:9      | HP: 2/42 [something (5)]
  8341 | D:9      | Slain by a sky beast

Vault maps used:
D:1:      saegor_arrival_simple_d, hex_intersection, minivault_27,
          palyth_stone_intersect
D:2:      lemuel_round_altar, grunt_gozag_statues,
          nemelex_xobeh_ov_fountains_minmay
D:3:      overflow_temple_1_default, first_bread, minmay_rat_hole
D:4:      cheibrodos_helix_gallery, minmay_temple_entry_statues_fountains,
          serial_glass, glass_columns_a, glass_columns_c, kennysheep_crisscross
D:5:      lemuel_round_altar, uniq_grinder, uniq_edmund
D:6:      gup_sewer_entry_bubbles
D:7:      lemuel_coloured_pillars_altar
D:9:      nicolae_ru_the_path_less_chosen, kennysheep_little_box,
          grunt_ogre_cave, uniq_erica, uniq_maurice, uniq_pikel
D:10:     david_lair_generic
Temple:   nicolae_temple_figure_eight
Sewer:    kennysheep_pipe_town

Skill      XL: |  1  2  3  4  5  6  7  8 |
---------------+-------------------------+-----
Fire Magic     | 4 5 6 7 |  7.7
Conjurations   | 2 3 4 5 6 |  6.5
Spellcasting   | 4 6 7 8 |  8.8
Dodging        | 3 |  3.9
Stealth        | 3 4 |  4.3
Fighting       | |  0.7
Air Magic      | |  0.6

Action                   |  1- 3 |  4- 6 |  7- 9 || total
-------------------------+-------+-------+-------++-------
Melee: Dagger            |     7 |       |    59 ||    66
 Cast: Flame Tongue      |    64 |   159 |   182 ||   405
       Throw Flame       |       |    10 |    16 ||    26
       Conjure Flame     |       |    11 |     8 ||    19
       Shock             |       |       |     8 ||     8
       Fireball          |       |       |     1 ||     1
  Use: Scroll            |     4 |       |     5 ||     9
       Potion            |     1 |       |       ||     1
  Eat: Chunk             |     2 |     7 |    11 ||    20
       Fruit             |       |     2 |       ||     2
       Royal jelly       |       |       |     1 ||     1
Armor: Robe              |     9 |     2 |    14 ||    25
Dodge: Dodged            |    22 |    13 |    74 ||   109

Table legend:
 A = Spawn XP
 B = Non-spawn XP
 C = Spawn XP percentage of total XP
 D = Spawn monster count
 E = Non-spawn monster count
 F = Spawn count percentage of total count
 G = Total turns spent on level
                    A         B        C        D         E        F      G
               +---------+---------+-------+---------+---------+-------+---------
         Total |       0 |    2717 |   0.0 |       0 |     171 |   0.0 |  8341
               +---------+---------+-------+---------+---------+-------+---------
           D:1 |       0 |      25 |   0.0 |       0 |      16 |   0.0 |  1051
           D:2 |       0 |     127 |   0.0 |       0 |      30 |   0.0 |  1389
           D:3 |       0 |      27 |   0.0 |       0 |      23 |   0.0 |   862
           D:4 |       0 |     481 |   0.0 |       0 |      22 |   0.0 |  1241
           D:5 |       0 |     694 |   0.0 |       0 |      18 |   0.0 |  1582
           D:6 |       0 |     793 |   0.0 |       0 |      27 |   0.0 |  1188
           D:7 |       0 |     339 |   0.0 |       0 |       8 |   0.0 |   248
          D:10 |       0 |     190 |   0.0 |       0 |       3 |   0.0 |   208
         Sewer |       0 |      41 |   0.0 |       0 |      24 |   0.0 |   478
               +---------+---------+-------+---------+---------+-------+---------
